 Dungeon Crawl Stone Soup version 0.21.1-1-g345015fe64 (webtiles) character file.

203582 Gargoyl the Corrupter of Planes (level 17, -7/152 HPs)
             Began as a Centaur Abyssal Knight on June 26, 2018.
             Was the Champion of Lugonu.
             Killed from afar by Nikola (26 damage)
             ... with a chain lightning
             ... on level 1 of the Vaults.
             The game lasted 01:27:01 (51290 turns).

Gargoyl the Corrupter of Planes (CeAK)             Turns: 51290, Time: 01:27:03

Health: -7/152     AC: 37    Str: 23    XL:     17   Next: 98%
Magic:  37/37      EV:  6    Int: 11    God:    Lugonu [******]
Gold:   368        SH: 20    Dex: 15    Spells: 16/16 levels left

rFire    + + +     SeeInvis .   J - +8 whip "Snakebite" {curare, rPois}
rCold    + + .     Gourm    .   h - +5 shield {rF+}
rNeg     + . .     Faith    .   B - +3 plate armour {rF+}
rPois    +         Spirit   .   I - +2 hat
rElec    .         Reflect  +   q - scarf {rC+ rF+}
rCorr    .         Harm     .   a - +0 pair of gloves {archery}
MR       ++...                  D - +4 centaur barding {rC+}
Stlth    ..........             w - +3 amulet of reflection
HPRegen  0.35/turn              A - ring of Law {rN+ MR+ MP+9 Str+3 Dex+4}
MPRegen  0.25/turn              o - +6 ring of protection

@: studying Fighting, very quick
A: large, hooves 3, deformed body, speed 2, mutation resistance 1, tough skin 3
}: 1/15 runes: serpentine
a: Depart the Abyss, Bend Space, Banish, Corrupt, Enter the Abyss, Brand Weapon
With Distortion, Renounce Religion


You were on level 1 of the Vaults.
You worshipped Lugonu.
Lugonu was exalted by your worship.
You were not hungry.

You visited 6 branches of the dungeon, and saw 30 of its levels.
You visited the Abyss 1 time.
You visited 1 bazaar.
You also visited: Volcano.

You collected 3374 gold pieces.
You spent 3006 gold pieces at shops.

Inventory:

Hand Weapons
 p - a +7 antimagic hand axe
 C - a +3 war axe of freezing
 H - a +3 war axe of venom
 J - the +8 whip "Snakebite" (weapon) {curare, rPois}
   (You found it on level 2 of the Lair of Beasts)

   It poisons the flesh of those it strikes.
   It protects you from poison.
 V - a +0 broad axe of freezing
 Z - a +2 hand axe of flaming
Missiles
 K - 22 tomahawks (quivered)
Armour
 a - a +0 pair of gloves of archery (worn)
 h - a +5 shield of fire resistance (worn)
 q - a scarf of resistance (worn)
 B - a +3 plate armour of fire resistance (worn)
 D - a +4 centaur barding of cold resistance (worn)
 I - a +2 hat (worn)
Jewellery
 g - an uncursed ring of protection from fire
 o - a +6 ring of protection (right hand)
 w - a +3 amulet of reflection (around neck)
 A - the ring of Law (left hand) {rN+ MR+ MP+9 Str+3 Dex+4}
   (You bought it in a shop on level 4 of the Snake Pit)

   [ring of protection from magic]

   It affects your strength (+3).
   It affects your dexterity (+4).
   It protects you from negative energy.
   It affects your resistance to hostile enchantments.
   It affects your magic capacity (+9).
 M - an uncursed ring of poison resistance
Wands
 l - a wand of polymorph (9)
 m - a wand of iceblast (22)
 n - a wand of flame (27)
 z - a wand of digging (19)
 F - a wand of clouds (5)
 R - a wand of disintegration (20)
 S - a wand of scattershot (7)
Scrolls
 e - 12 scrolls of teleportation
 f - 7 scrolls of remove curse
 k - 3 scrolls of identify
 s - a scroll of fear
 y - 2 scrolls of magic mapping
 U - a scroll of fog
Potions
 b - 2 potions of berserk rage
 i - 11 potions of curing
 j - 2 potions of agility
 r - 3 potions of invisibility
 t - a potion of ambrosia
 v - 3 potions of magic
 x - 6 potions of might
 L - a potion of brilliance {unknown}
 N - 4 potions of haste
 O - a potion of flight
 P - a potion of resistance
 T - 2 potions of cancellation
Books
 d - a Young Poisoner's Handbook

   Spells                             Type                      Level
   a - Sting                          Conjuration/Poison           1
   b - Poisonous Vapours              Poison/Air                   2
   c - Mephitic Cloud                 Conjuration/Poison/Air       3
   d - Olgreb's Toxic Radiance        Poison                       4
   e - Venom Bolt                     Conjuration/Poison           5
 E - a manual of Fighting
Comestibles
 c - 27 rations


   Skills:
 + Level 14.2 Fighting
 + Level 9.9(12.3) Axes
 + Level 12.1(13.4) Maces & Flails
 + Level 1.3 Throwing
 * Level 14.3 Armour
 + Level 5.4 Dodging
 + Level 9.0 Shields
 * Level 14.8 Invocations
 + Level 0.6 Evocations


You had 16 spell levels left.
You didn't know any spells.

Dungeon Overview and Level Annotations

Branches:
Dungeon (15/15)            Temple (1/1) D:6            Lair (6/6) D:9
  Swamp (0/4) Lair:2        Snake (4/4) Lair:3        Slime (0/5) Lair:5
    Orc (2/2) D:10            Elf (0/3) Orc:2        Vaults (2/5) D:13
  Crypt (0/3) Vaults:2     Depths (0/5) D:15

Altars:
Ashenzari
Cheibriados
Dithmenos
Elyvilon
Fedhas
Gozag
Hepliaklqana
Kikubaaqudgha
Makhleb
Nemelex Xobeh
Okawaru
Qazlal
Ru
Sif Muna
Trog
Uskayaw
Vehumet
Wu Jian
Xom
Yredelemnul
Zin
The Shining One
Beogh
Jiyva

Shops:
Orc:2 ([*=   Snake:4 =}}*

Portals:
Trove: D:10 (give +3 ice dragon scales)

Annotations:
D:9 exclusion: ice statue
Vaults:1 Nikola
Abyss:1 Blork the orc


Innate Abilities, Weirdness & Mutations

You have hooves in place of feet.
Armour fits poorly on your strangely shaped body.
You cover ground very quickly.
You have extremely tough skin. (AC +3)
You are somewhat resistant to further mutation.


Message History

There is an open door here.
There is a stone staircase leading up here.
You start resting.
You start to feel less resistant.
You start resting.
You climb upwards.
Nikola shouts!
There is a stone staircase leading down here.
Nikola is nearby!
Your resistance to elements expires.
You whack Nikola! Your kick misses Nikola.
Nikola is lightly wounded.
You closely miss Nikola.
Nikola is lightly wounded.
Nikola casts a spell.
You hear a mighty clap of thunder!
The lightning arc hits you!
* * * LOW HITPOINT WARNING * * *
The lightning arc hits Nikola.
The lightning arc hits you!
You die...

#..##......'.......#.....
#########..##......#.......#.....
...........##......#########.....
...........#####'####### #.....
...........# ##.......# #.....
...........# ##.......## #.....
...........###......(## #.....
...........##..>....## ###.....
...........#....@..## ##.'.....
...........#.....@..## ##..#.....
..(........#........)###...#.....
...........#....#.....#....#.....
...........#...###.........#.....
...........#..## ##........#.....
#########..#.## ##.......#.....
........#..### ##....>..##.....
........#..# ##.......###.....


You could see Nikola.

Vanquished Creatures
  Saint Roka (Vaults:1)
  Vashnia (Snake:2)
  A bone dragon (Vaults:2)
  Jorgrun (Snake:3)
  Frances (D:12)
  Gastronok (Orc:1)
  Roxanne (D:14)
  9 nagarajas
  3 vault wardens
  Aizul (Snake:1)
  2 orc warlords (Orc:1)
  The ghost of Evaline the Fencer, a journeyman FoFi of Okawaru (D:14)
  An entropy weaver (Vaults:1)
  3 dire elephants (Lair:6)
  2 ettins
  Josephine (D:10)
  13 naga warriors
  2 ice dragons
  The ghost of Roikka the Destroyer, a journeyman DrCj of Vehumet (D:11)
  4 vault guards
  4 hydras
  2 catoblepae
  9 anacondas
  5 centaur warriors
  7 two-headed ogres
  A rakshasa (Vaults:2)
  An ogre mage (Vaults:1)
  11 death yaks
  The ghost of WobbleTop the Unseen, a journeyman FeEn of Ru (Orc:2)
  3 orc high priests (Orc:2)
  11 naga sharpshooters
  3 shock serpents
  Nergalle (D:10)
  Sonja (Orc:2)
  An unseen horror (D:11)
  A shadow wraith (Vaults:1)
  A salamander mystic (Snake:2)
  2 sea snakes (Snake:4)
  An unseen horror (shapeshifter) (D:15)
  A glowing orange brain (shapeshifter) (D:15)
  A glowing orange brain (D:15)
  A wizard (Vaults:2)
  An obsidian statue (D:14)
  4 lindwurms (D:10)
  2 naga ritualists
  3 ironbrand convokers
  A frost giant zombie (Vaults:1)
  24 ugly things
  A necromancer (Vaults:1)
  7 orc knights
  8 mana vipers
  An oklob plant (Lair:2)
  2 wolf spiders (Vaults:1)
  2 deep elf magi (D:13)
  5 cyclopes
  8 orc sorcerers
  5 salamanders
  33 black mambas
  21 elephants
  2 vault sentinels
  A centaur zombie (D:14)
  2 guardian serpents
  A manticore (D:14)
  17 naga magi
  8 spiny frogs
  Psyche (D:10)
  A yaktaur zombie (Vaults:1)
  A rime drake (shapeshifter) (Vaults:2)
  11 yaktaurs
  6 komodo dragons
  A queen bee (D:11)
  A tengu conjurer (D:14)
  4 trolls
  A meliai (shapeshifter) (D:14)
  A polar bear (Lair:6)
  5 slime creatures
  Grinder (D:6)
  2 hornets
  8 blink frogs
  8 hippogriffs
  2 meliai zombies
  A spriggan (D:10)
  A tarantella (shapeshifter) (Vaults:1)
  A vampire (D:13)
  25 yaks
  2 fire bats (Volcano)
  A shadow (D:11)
  A redback (Vaults:1)
  2 tarantellas (Vaults:1)
  2 wyverns
  6 wraiths
  4 basilisks
  A basilisk (shapeshifter) (D:15)
  A hungry ghost (D:13)
  8 vampire mosquitoes
  42 nagas
  A soldier ant (shapeshifter) (D:15)
  4 wargs
  An acid dragon (D:13)
  4 hell hounds
  30 water moccasins
  9 porcupines
  32 orc warriors
  5 ice beasts
  7 sky beasts
  A black bear (D:3)
  3 phantoms
  14 ogres
  22 centaurs
  3 boggarts (Vaults:1)
  11 wolves
  9 crocodiles
  An elf simulacrum (Vaults:1)
  2 big kobolds
  10 bullfrogs
  A human skeleton (Vaults:1)
  A hornet simulacrum (Vaults:1)
  2 scorpions
  25 killer bees
  13 wights
  7 howler monkeys
  2 electric eels
  3 quasits
  5 crimson imps
  2 bullfrog zombies
  3 jellies
  19 orc priests
  3 centaur skeletons
  4 hounds
  Crazy Yiuf (D:7)
  2 bullfrog skeletons
  7 iguanas
  11 worker ants
  27 orc wizards
  2 hound zombies
  A hound skeleton (D:9)
  A worker ant zombie (D:6)
  14 gnolls
  23 adders
  4 shadow imps
  3 white imps (Lair:5)
  An ooze (D:6)
  2 adder zombies
  3 worms
  6 dart slugs
  3 leopard geckos
  103 orcs
  6 bats
  4 giant cockroaches
  4 goblins
  13 hobgoblins
  12 jackals
  14 kobolds
  4 quokkas
  3 ball pythons
  7 frilled lizards
  2 quokka skeletons
  A quokka zombie (D:9)
  11 rats
  A bush (D:11)
  3 fungi
  5 plants
993 creatures vanquished.

Vanquished Creatures (collateral kills)
  An ogre (D:13)
  A bullfrog (D:13)
2 creatures vanquished.

Vanquished Creatures (others)
  An ice dragon (Vaults:2)
  2 two-headed ogres
  A naga sharpshooter (Snake:4)
  A spiny frog (Lair:2)
  2 yaktaurs
  A basilisk (Lair:2)
  3 orc warriors
  A centaur (Volcano)
  An orc priest (Orc:2)
  A ball python (D:2)
  A quokka (D:5)
  A leopard gecko skeleton (D:5)
  A leopard gecko zombie (D:5)
  A bush (D:11)
  19 fungi
  12 plants
49 creatures vanquished.

Grand Total: 1044 creatures vanquished

Notes
Turn   | Place    | Note
-------+----------+-------------------------------------------
     0 | Abyss:1  | Gargoyl the Centaur Abyssal Knight began the quest for the Orb.
     0 | Abyss:1  | Reached XP level 1. HP: 19/19 MP: 2/2
    52 | Abyss:1  | Noticed a quasit
    87 | D:1      | Escaped the Abyss
   254 | D:1      | Reached XP level 2. HP: 26/26 MP: 3/3
   289 | D:1      | Reached * piety under Lugonu
  1046 | D:2      | Reached XP level 3. HP: 31/31 MP: 4/4
  1205 | D:2      | Found an iron altar of Okawaru.
  1672 | D:2      | Reached ** piety under Lugonu
  1684 | D:2      | Reached XP level 4. HP: 33/40 MP: 5/5
  2146 | D:3      | Reached skill level 1 in Dodging
  2460 | D:3      | Reached XP level 5. HP: 43/46 MP: 7/7
  2878 | D:3      | Noticed a black bear
  2900 | D:3      | Killed a black bear
  2900 | D:3      | Reached XP level 6. HP: 11/52 MP: 8/8
  3490 | D:4      | Reached *** piety under Lugonu
  3606 | D:4      | Found a hazy altar of Hepliaklqana.
  3628 | D:4      | Reached XP level 7. HP: 30/59 MP: 9/9
  4042 | D:5      | Entered Level 5 of the Dungeon
  4522 | D:5      | Found a stormy altar of Qazlal.
  5047 | D:6      | Found a staircase to the Ecumenical Temple.
  5068 | D:6      | Reached XP level 8. HP: 52/67 MP: 11/11
  5202 | D:6      | Reached skill level 5 in Axes
  5409 | D:6      | Found a shattered altar of Ashenzari.
  5410 | D:6      | Noticed Grinder
  5412 | D:6      | Paralysed by Grinder for 6 turns
  5432 | Temple   | Entered the Ecumenical Temple
  5926 | D:6      | Paralysed by Grinder for 6 turns
  5937 | D:6      | Killed Grinder
  5937 | D:6      | Reached skill level 5 in Armour
  6148 | D:6      | Found a glowing golden altar of the Shining One.
  6261 | D:6      | Reached skill level 5 in Invocations
  6371 | D:6      | Reached **** piety under Lugonu
  6700 | D:6      | Found a shimmering altar of Xom.
  7038 | D:7      | Found an opulent altar of Gozag.
  7051 | D:7      | Reached XP level 9. HP: 70/73 MP: 13/13
  7187 | D:7      | Found a bloodstained altar of Trog.
  7252 | D:7      | Reached skill level 5 in Fighting
  7329 | D:7      | Found a runed door.
  7452 | D:7      | Found an ancient bone altar of Kikubaaqudgha.
  7519 | D:7      | Noticed Crazy Yiuf
  7526 | D:7      | Killed Crazy Yiuf
  7682 | D:8      | Found a stormy altar of Qazlal.
  7755 | D:8      | Found a white marble altar of Elyvilon.
  8567 | D:9      | Found an ornate altar of the Wu Jian Council.
  8576 | D:9      | Reached XP level 10. HP: 40/83 MP: 13/15
  8788 | D:9      | Found a staircase to the Lair.
  9023 | Lair:1   | Entered Level 1 of the Lair of Beasts
  9206 | Lair:1   | Identified a scroll of acquirement
  9325 | Lair:1   | Reached ***** piety under Lugonu
  9731 | D:9      | Noticed a two-headed ogre
  9733 | D:9      | Banished a two-headed ogre
 10641 | Lair:2   | Noticed a spiny frog
 10665 | Lair:2   | Banished a spiny frog
 11319 | Lair:2   | Noticed a spiny frog
 11331 | Lair:2   | Killed a spiny frog
 11331 | Lair:2   | Reached XP level 11. HP: 53/91 MP: 17/17
 11632 | Lair:2   | Noticed an oklob plant
 11651 | Lair:2   | Killed an oklob plant
 11762 | Lair:2   | Found a staircase to the Swamp.
 11819 | Lair:2   | Noticed a catoblepas
 11836 | Lair:2   | Killed a catoblepas
 11836 | Lair:2   | Reached skill level 1 in Shields
 12044 | Lair:2   | HP: 2/91 [crocodile (5)]
 13791 | Lair:2   | Found the +8 whip "Snakebite" {curare, rPois}
 14357 | Lair:2   | Reached skill level 1 in Maces & Flails
 15161 | Lair:3   | Reached XP level 12. HP: 93/101 MP: 17/19
 15240 | Lair:3   | Found a staircase to the Snake Pit.
 17415 | Lair:5   | Noticed a death yak
 17416 | Lair:5   | Noticed a death yak
 17417 | Lair:5   | Noticed a death yak
 17593 | Lair:4   | Killed a death yak
 17593 | Lair:4   | Reached skill level 5 in Maces & Flails
 17661 | Lair:4   | Killed a death yak
 17661 | Lair:4   | Reached skill level 10 in Invocations
 17666 | Lair:4   | Killed a death yak
 17691 | Lair:5   | Found a dark tunnel.
 17711 | Volcano  | Entered a volcano
 17797 | Volcano  | Noticed a two-headed ogre
 17798 | Volcano  | Noticed a two-headed ogre
 17823 | Volcano  | Killed a two-headed ogre
 17827 | Volcano  | Killed a two-headed ogre
 18936 | Lair:5   | Found a viscous altar of Jiyva.
 18937 | Lair:5   | Found a staircase to the Slime Pits.
 19042 | Lair:5   | Noticed an ice dragon
 19097 | Lair:5   | Killed an ice dragon
 19097 | Lair:5   | Reached skill level 10 in Armour
 19298 | Lair:6   | Entered Level 6 of the Lair of Beasts
 19298 | Lair:6   | Noticed a death yak
 19298 | Lair:6   | Noticed a death yak
 19298 | Lair:6   | Noticed a death yak
 19324 | Lair:5   | Killed a death yak
 19324 | Lair:5   | Reached XP level 13. HP: 110/111 MP: 20/20
 21086 | Lair:6   | Reached skill level 10 in Fighting
 22062 | Lair:6   | Noticed a dire elephant
 22074 | Lair:6   | Killed a dire elephant
 22380 | Lair:6   | Noticed a dire elephant
 22380 | Lair:6   | Noticed a dire elephant
 22410 | Lair:6   | Killed a dire elephant
 22417 | Lair:6   | Killed a dire elephant
 22417 | Lair:6   | Reached skill level 1 in Throwing
 22919 | D:9      | Found a glowing silver altar of Zin.
 22919 | D:9      | Found a burning altar of Makhleb.
 22920 | D:9      | Noticed a balrug
 22920 | D:9      | Noticed an angel
 23364 | D:10     | Entered Level 10 of the Dungeon
 23416 | D:10     | Found a portal to a secret trove of treasure.
 23423 | D:10     | Noticed Nergalle
 23439 | D:10     | Reached ****** piety under Lugonu
 23446 | D:10     | Killed Nergalle
 23580 | D:10     | Found a staircase to the Orcish Mines.
 23586 | D:10     | Noticed Psyche
 23606 | D:10     | Killed Psyche
 23613 | D:10     | Reached XP level 14. HP: 106/122 MP: 22/22
 23930 | D:10     | Noticed Josephine
 23952 | D:10     | Killed Josephine
 24297 | D:10     | Gained mutation: You are somewhat resistant to further mutation. [potion of mutation]
 25085 | D:11     | Noticed Roikka's ghost (journeyman DrCj)
 25086 | D:11     | Identified the Volume of Igneous Summoning
 25125 | D:11     | Killed Roikka's ghost
 26726 | D:12     | Noticed Frances
 26755 | D:12     | Killed Frances
 27773 | D:13     | Found a gate to the Vaults.
 28025 | D:13     | Reached skill level 5 in Shields
 28619 | D:13     | Reached skill level 5 in Dodging
 29323 | D:14     | Found a roughly hewn altar of Beogh.
 29734 | D:14     | Noticed Evaline's ghost (journeyman FoFi)
 29796 | D:14     | Killed Evaline's ghost
 29796 | D:14     | Reached XP level 15. HP: 55/130 MP: 24/24
 30569 | D:14     | Noticed Roxanne
 30626 | D:14     | Killed Roxanne
 30945 | D:15     | Entered Level 15 of the Dungeon
 31428 | D:15     | Found a staircase to the Depths.
 31987 | D:15     | Noticed Blork the orc
 31991 | D:15     | Found a deep blue altar of Sif Muna.
 31994 | D:15     | Banished Blork the orc
 32216 | Orc:1    | Entered Level 1 of the Orcish Mines
 32440 | Orc:2    | Entered Level 2 of the Orcish Mines
 32465 | Orc:2    | Found a staircase to the Elven Halls.
 32529 | Orc:2    | Noticed Sonja
 32540 | Orc:1    | Noticed Gastronok
 32561 | Orc:1    | Killed Gastronok
 32608 | Orc:1    | Noticed an orc warlord
 32668 | Orc:1    | Killed an orc warlord
 32668 | Orc:1    | Reached skill level 10 in Maces & Flails
 33074 | Orc:2    | Killed Sonja
 33138 | Orc:2    | Noticed WobbleTop's ghost (journeyman FeEn)
 33361 | Orc:2    | Killed WobbleTop's ghost
 33716 | Orc:2    | Paralysed by an orc sorcerer for 3 turns
 34057 | Orc:2    | Noticed an orc warlord
 34439 | Orc:1    | Killed an orc warlord
 34786 | Orc:1    | Paralysed by an orc sorcerer for 2 turns
 35243 | Orc:2    | Paralysed by an orc sorcerer for 3 turns
 36063 | Orc:2    | Paralysed by an orc sorcerer for 6 turns
 36119 | Orc:2    | Found Seluis's General Store.
 36133 | Orc:2    | Found Cenell's Jewellery Boutique.
 36137 | Orc:2    | Found Foriaqocymn's Antique Armour Boutique.
 36137 | Orc:2    | Found Viumei Veewk's Antique Weapon Shop.
 36195 | Orc:2    | Bought a pair of glowing gloves for 262 gold pieces
 36216 | Orc:2    | Bought a scroll of enchant armour for 112 gold pieces
 36216 | Orc:2    | Bought a scroll of teleportation for 45 gold pieces
 36216 | Orc:2    | Bought a scroll of blinking for 112 gold pieces
 36385 | Orc:2    | Found a burning altar of Makhleb.
 36660 | Snake:1  | Entered Level 1 of the Snake Pit
 37642 | Snake:1  | Noticed Aizul
 37673 | Snake:1  | Killed Aizul
 38037 | Snake:1  | Reached XP level 16. HP: 141/141 MP: 25/25
 40710 | Snake:3  | Noticed Jorgrun
 40736 | Snake:3  | Killed Jorgrun
 41077 | Snake:3  | Noticed Vashnia
 41913 | Snake:2  | Killed Vashnia
 42231 | Snake:3  | Found a snail-covered altar of Cheibriados.
 43366 | Snake:4  | Entered Level 4 of the Snake Pit
 44111 | Snake:4  | Found Yqohygisor's General Store.
 44131 | Snake:4  | Bought a scroll of teleportation for 57 gold pieces
 44131 | Snake:4  | Bought a potion of heal wounds for 95 gold pieces
 44131 | Snake:4  | Bought a scroll of brand weapon for 380 gold pieces
 44362 | Snake:4  | Found Raahoor's Jewellery Shop.
 44362 | Snake:4  | Found Joahiat's Gadget Emporium.
 44364 | Snake:4  | Found Bacad's Gadget Emporium.
 44371 | Snake:4  | Bought a +3 amulet of reflection for 314 gold pieces
 44372 | Snake:4  | Bought the ring of Law {rN+ MR+ MP+9 Str+3 Dex+4} for 1396 gold pieces
 45649 | Snake:4  | Reached XP level 17. HP: 149/150 MP: 27/27
 47436 | Snake:4  | Got a serpentine rune of Zot
 47755 | Vaults:1 | Entered Level 1 of the Vaults
 48848 | Vaults:1 | Noticed Saint Roka
 48882 | Vaults:1 | Killed Saint Roka
 50359 | Vaults:2 | Found a flickering gateway to a bazaar.
 50384 | Bazaar   | Entered a bazaar
 50470 | Bazaar   | Found Otietoq's Weapon Shoppe.
 50470 | Bazaar   | Found Ceowimas's Distillery.
 50480 | Bazaar   | Bought a potion of curing for 30 gold pieces
 50480 | Bazaar   | Bought a potion of curing for 30 gold pieces
 50480 | Bazaar   | Bought a potion of heal wounds for 50 gold pieces
 50480 | Bazaar   | Bought a potion of curing for 30 gold pieces
 50491 | Bazaar   | Found Baipiy's Antique Armour Shoppe.
 50506 | Bazaar   | Found Qyduec's Assorted Antiques.
 50506 | Bazaar   | Found Iroothet's Jewellery Emporium.
 50510 | Bazaar   | Bought a potion of curing for 93 gold pieces
 50782 | Vaults:2 | Noticed a bone dragon
 50784 | Vaults:2 | Found a staircase to the Crypt.
 50855 | Vaults:2 | Killed a bone dragon
 51208 | Vaults:2 | Noticed a lich
 51287 | Vaults:1 | Noticed Nikola
 51290 | Vaults:1 | Killed from afar by Nikola

Skill      XL: |  1  2  3  4  5  6  7  8  9 10 11 12 13 14 15 16 17 |
---------------+----------------------------------------------------+-----
Axes           | 2 3 4 6 7 8 9 |  9.9
Armour         | 2 3 4 5 6 7 9 10 11 12 13 14 | 14.3
Dodging        | 1 2 3 4 5 |  5.4
Invocations    | 3 4 5 6 8 9 10 11 12 13 14 | 14.8
Fighting       | 4 5 6 7 9 10 11 12 13 14 | 14.2
Shields        | 1 2 3 5 6 7 9 |  9.0
Maces & Flails | 2 6 8 9 10 11 12 | 12.1
Throwing       | 1 |  1.3
Evocations     | |  0.6

Action                   |  1- 3 |  4- 6 |  7- 9 | 10-12 | 13-15 | 16-18 || total
-------------------------+-------+-------+-------+-------+-------+-------++-------
Melee: Hand axe          |   125 |   150 |   408 |     8 |       |       ||   691
       Kick              |    17 |    32 |    84 |   211 |   700 |   667 ||  1711
       War axe           |       |       |       |   338 |   112 |       ||   450
       Whip              |       |       |       |   452 |  2135 |  1805 ||  4392
Throw: Tomahawk          |       |       |       |     1 |    13 |     2 ||    16
Invok: Depart the Abyss  |     1 |       |       |       |       |       ||     1
       Banish            |       |       |     1 |     7 |     1 |     1 ||    10
       Bend Space        |       |       |       |     4 |     2 |     1 ||     7
Evoke: Wand              |       |     2 |       |     2 |     1 |       ||     5
  Use: Scroll            |     4 |    10 |     5 |    13 |    16 |     8 ||    56
       Potion            |       |     1 |     4 |     8 |    12 |     4 ||    29
  Eat: Chunk             |     1 |     3 |    10 |    16 |    27 |     3 ||    60
       Ration            |       |     1 |     1 |     5 |     9 |    11 ||    27
Armor: Leather armour    |    13 |       |       |       |       |       ||    13
       Scale mail        |    89 |   131 |   334 |   529 |   182 |       ||  1265
       Skin              |       |       |    36 |       |    22 |       ||    58
       Plate armour      |       |       |       |       |  1009 |   593 ||  1602
Dodge: Dodged            |    63 |    73 |   207 |   206 |   163 |   118 ||   830
Block: Buckler           |       |       |     7 |    79 |       |       ||    86
       Shield            |       |       |       |    32 |   827 |   950 ||  1809
       Reflection        |       |       |       |       |       |    75 ||    75
